Map: [ESL] Cosmic Sapphire

Players

Nina - Winner!

  • Race: Protoss Protoss
  • Spawn Location: 5:00

PureLegacy

  • Race: Terran Terran
  • Spawn Location: 11:00

Event: DreamHack SC2 Masters 2022 Atlanta (Online)

VOD

Have the link to the VOD?

Description

Time

  • Played on: Oct. 9, 2022, 3:35 p.m.
  • Length: 12:16

All games in this series

Show
View Real Time Build Order
Export as new Build Order

Nina Protoss - Winner!

Build Orders: 1 Gate Expand, Blink Stalkers, Colossus Rush 

Get SALT Encoding   

  12  0:00  Probe  
  13  0:12  Probe  
  14  0:17  Pylon  
  14  0:24  Probe  
  15  0:36  Gateway, Probe (Chrono Boost)  
  16  0:45  Assimilator  
  16  0:46  Probe (Chrono Boost)  
  17  0:51  Probe (Chrono Boost)  
  18  1:03  Probe  
  19  1:15  Probe  
  20  1:25  Cybernetics Core  
  20  1:32  Nexus  
  20  1:38  Pylon  
  20  1:42  Probe  
  21  1:51  Assimilator  
  21  1:54  Probe  
  22  2:01  Adept (Chrono Boost)  
  22  2:05  Warp Gate  
  22  2:06  Probe  
  25  2:19  Probe  
  25  2:22  Stalker (Chrono Boost)  
  28  2:34  Twilight Council  
  28  2:35  Probe  
  29  2:48  Probe (Chrono Boost)  
  29  2:49  Probe (Chrono Boost)  
  31  2:56  Stalker  
  33  3:02  Probe (Chrono Boost)  
  33  3:04  Gateway  
  33  3:05  Probe (Chrono Boost), Blink (Chrono Boost)  
  35  3:09  Probe (Chrono Boost)  
  35  3:12  Probe (Chrono Boost)  
  37  3:16  Probe  
  38  3:24  Probe  
  39  3:29  Robotics Facility, Probe  
  39  3:33  Pylon  
  40  3:36  Probe  
  41  3:42  Pylon  
  41  3:43  Probe  
  42  3:48  Probe  
  42  3:54  Stalker  
  46  3:55  Probe  
  46  3:59  Stalker  
  46  4:01  Probe  
  47  4:07  Probe, Assimilator  
  47  4:09  Shield Battery  
  48  4:13  Probe  
  48  4:16  Observer (Chrono Boost)  
  50  4:17  Stalker  
  50  4:19  Probe  
  53  4:24  Stalker  
  53  4:26  Probe, Pylon  
  56  4:32  Probe  
  57  4:39  Pylon  
  55  4:47  Stalker x2  
  55  4:48  Probe  
  55  4:49  Probe  
  55  4:52  Observer  
  62  4:59  Assimilator  
  62  5:01  Probe  
  62  5:05  Nexus, Pylon  
  63  5:07  Robotics Bay  
  63  5:08  Probe  
  63  5:10  Gateway  
  63  5:13  Probe  
  65  5:18  Pylon  
  65  5:21  Probe  
  65  5:24  Sentry  
  65  5:28  Probe  
  69  5:31  Charge, Zealot  
  69  5:34  Probe  
  70  5:46  Observer  
  70  5:47  Probe x2  
  68  5:50  Colossus (Chrono Boost)  
  68  5:51  Gateway  
  68  5:53  Sentry  
  70  5:59  Probe x2, Pylon  
  70  6:03  Gateway  
  78  6:09  Pylon  
  78  6:11  Sentry, Probe  
  79  6:13  Gateway  
  79  6:15  Gateway  
  79  6:17  Extended Thermal Lance (Chrono Boost)  
  81  6:21  Probe (Chrono Boost)  
  83  6:25  Probe (Chrono Boost)  
  83  6:26  Probe (Chrono Boost)  
  83  6:29  Zealot  
  87  6:36  Colossus (Chrono Boost)  
  87  6:37  Pylon  
  87  6:39  Probe (Chrono Boost)  
  86  6:42  Probe  
  86  6:44  Probe  
  95  6:49  Zealot x2  
  95  6:50  Probe  
  100  6:56  Zealot x2, Observer  
  100  6:57  Observer, Probe  
  100  6:58  Probe  
  106  7:02  Probe  
  106  7:07  Forge  
  107  7:11  Zealot x4  
  115  7:15  Pylon  
  115  7:20  Probe x2  
  115  7:22  Assimilator  
  117  7:25  Shield Battery  
  117  7:26  Assimilator  
  117  7:27  Zealot  
  117  7:28  Zealot  
  121  7:33  Stalker x2  
  124  7:38  Protoss Ground Weapons Level 1 (Chrono Boost), Observer, Stalker  
  124  7:41  Probe  
  126  7:56  Pylon  
  122  7:58  Pylon  
  122  8:00  Pylon  
  121  8:07  Stalker x2  
  125  8:16  Forge, Probe x2  
  125  8:17  Stalker x2, Pylon  
  131  8:22  Nexus  
  131  8:25  Forge  
  131  8:26  Zealot x2  
  135  8:27  Probe  
  135  8:30  Probe  
  135  8:31  Disruptor (Chrono Boost)  
  140  8:36  Pylon  
  140  8:37  Pylon  
  140  8:38  Probe  
  141  8:49  Nexus  
  141  8:55  Templar Archives  
  141  8:57  Stalker  
  141  8:58  Stalker  
  141  9:00  Protoss Ground Armor Level 1 (Chrono Boost)  
  142  9:11  Disruptor (Chrono Boost)  
  142  9:13  Stalker x4  
  142  9:16  Probe, Pylon  
  142  9:17  Probe  
  151  9:24  Zealot x3  
  157  9:25  Robotics Facility  
  157  9:36  High Templar  
  157  9:37  High Templar  
  161  9:42  Archon  
  137  9:45  Zealot x4  
  137  9:46  Zealot  
  137  9:51  Probe x2  
  137  9:52  Probe  
  144  9:55  Probe  
  144  9:59  Shield Battery  
  145  10:00  Photon Cannon  
  145  10:03  Disruptor, Probe x2  
  145  10:06  Pylon  
  150  10:08  Pylon  
  150  10:13  Gateway  
  148  10:15  Zealot x4  
  148  10:16  Gateway  
  140  10:21  Zealot  
  140  10:22  Zealot x2  
  128  10:40  Stalker x4  
  128  10:41  Probe  
  128  10:42  Probe x3  
  140  10:46  Disruptor (Chrono Boost)  
  146  10:53  Disruptor (Chrono Boost)  
  146  10:55  Observer  
  146  11:02  Nexus  
  146  11:05  Pylon  
  146  11:07  Assimilator  
  146  11:09  Assimilator  
  146  11:17  Pylon  
  146  11:20  Pylon  
  137  11:30  Disruptor (Chrono Boost)  
  131  11:35  Zealot x2  
  131  11:36  Zealot x7  
  149  11:43  Probe  
  149  11:44  Shield Battery  
  149  11:46  Photon Cannon  
  150  11:49  Photon Cannon  
  150  11:51  Probe  
  152  11:55  Photon Cannon  
  152  11:56  Pylon  
  152  11:58  Observer (Chrono Boost)  
  152  11:59  Probe x2  
  152  12:00  Photon Cannon  
  150  12:14  Zealot x6  
  159  12:15  Zealot x2  
Show
View Real Time Build Order
Export as new Build Order

PureLegacy Terran 

Build Orders: Reaper Expand 

Get SALT Encoding   

  12  0:02  SCV  
  13  0:14  SCV  
  13  0:18  Supply Depot  
  14  0:26  SCV  
  15  0:39  SCV  
  15  0:41  Barracks  
  16  0:44  Refinery  
  16  0:51  SCV  
  17  1:03  SCV  
  18  1:15  SCV  
  19  1:30  Reaper, Orbital Command  
  20  1:46  Command Center  
  20  1:54  Bunker  
  20  1:56  SCV  
  21  2:05  Supply Depot, Marine  
  22  2:12  Factory  
  22  2:15  SCV  
  23  2:22  Refinery  
  23  2:25  Barracks Reactor  
  23  2:27  SCV  
  24  2:39  SCV  
  25  2:51  SCV  
  25  2:56  Hellion, Starport  
  27  2:58  Orbital Command  
  27  3:03  SCV  
  27  3:04  Marine x2  
  30  3:15  SCV  
  31  3:21  Marine  
  31  3:22  Hellion, Marine  
  31  3:25  SCV  
  36  3:29  SCV  
  36  3:32  Supply Depot  
  37  3:37  Medivac  
  37  3:38  SCV  
  37  3:41  SCV  
  41  3:42  Marine x2  
  41  3:44  Hellion  
  45  3:50  SCV  
  45  3:54  SCV  
  45  3:55  Supply Depot  
  47  4:02  SCV  
  48  4:06  SCV  
  48  4:07  Factory Tech Lab  
  48  4:08  Starport Tech Lab  
  49  4:10  Marine x2  
  49  4:14  SCV  
  52  4:18  Supply Depot, SCV  
  53  4:26  SCV  
  53  4:27  Siege Tank, Raven  
  53  4:28  Marine x2  
  53  4:30  SCV  
  62  4:40  SCV  
  62  4:42  SCV  
  60  4:46  Marine x2  
  60  4:49  Supply Depot  
  60  4:52  SCV  
  59  4:53  Barracks  
  59  4:55  SCV, Barracks  
  59  4:56  Engineering Bay  
  59  4:58  Refinery  
  59  4:59  Siege Tank  
  63  5:02  Refinery  
  63  5:04  SCV  
  63  5:07  SCV  
  65  5:12  Supply Depot  
  65  5:16  SCV  
  65  5:18  Marine x2  
  65  5:19  SCV  
  69  5:23  Terran Infantry Weapons Level 1  
  70  5:28  SCV  
  70  5:30  Command Center  
  70  5:31  SCV  
  70  5:34  Starport Reactor  
  71  5:36  Supply Depot  
  71  5:38  Marine x2  
  71  5:40  SCV  
  72  5:43  SCV  
  71  5:52  SCV  
  71  5:55  SCV  
  71  5:56  Marine x2  
  75  5:58  Supply Depot, Stimpack  
  75  5:59  Combat Shield  
  75  6:01  Marauder x2  
  79  6:04  SCV  
  79  6:10  Supply Depot  
  80  6:13  SCV, Marine  
  80  6:14  Marine  
  80  6:15  Medivac x2  
  87  6:22  Supply Depot, SCV, Marauder x2  
  92  6:26  SCV  
  92  6:31  Marine x2  
  95  6:34  Supply Depot  
  95  6:35  SCV  
  95  6:39  SCV, Barracks  
  97  6:41  Barracks  
  97  6:47  Medivac x2  
  99  6:49  Marauder  
  99  6:50  Marauder  
  103  6:55  SCV x2  
  103  6:59  Marine x2  
  107  7:06  Orbital Command  
  107  7:07  SCV x2  
  109  7:11  Marauder x2  
  113  7:18  Concussive Shells  
  113  7:19  SCV  
  113  7:20  SCV  
  115  7:25  Marine x2  
  115  7:28  Bunker  
  115  7:29  Supply Depot  
  117  7:31  Barracks Reactor, SCV, Barracks Tech Lab  
  117  7:32  SCV, Marauder x2  
  123  7:40  SCV  
  123  7:42  Barracks, Medivac x2  
  123  7:43  Barracks, Terran Infantry Armor Level 1  
  128  7:48  Marine  
  128  7:49  Marine  
  129  7:53  Marauder  
  129  7:54  Marauder x2  
  125  8:08  Marine x4  
  125  8:10  SCV x2  
  125  8:11  Supply Depot  
  125  8:12  Medivac x2  
  135  8:13  Refinery  
  135  8:14  SCV, Marauder  
  135  8:15  Marauder x2  
  135  8:16  Missile Turret  
  142  8:22  SCV, Armory  
  142  8:25  Engineering Bay  
  143  8:27  Marine x4  
  147  8:35  Sensor Tower  
  147  8:36  Marauder x3  
  147  8:37  Barracks Tech Lab x2  
  147  8:39  Missile Turret  
  153  8:47  Supply Depot  
  153  8:49  Supply Depot, Missile Turret  
  153  8:58  Marauder x2  
  153  9:02  Marauder x3, Marine x4  
  157  9:16  Medivac x2  
  157  9:19  Ghost Academy, Marauder  
  157  9:20  Supply Depot, Marauder, Marine x3  
  157  9:24  Marauder  
  166  9:34  Marauder x2  
  166  9:35  Marine  
  166  9:37  Marine x3  
  173  9:41  Marauder x2  
  173  9:45  Marauder  
  164  9:49  Medivac x2  
  164  9:53  Marine  
  164  9:55  Marine x4  
  164  9:56  Marauder  
  170  10:00  Command Center  
  170  10:02  Marauder  
  170  10:05  Marauder  
  170  10:07  Marauder  
  176  10:08  Enhanced Shockwaves  
  176  10:09  Supply Depot  
  168  10:18  Marine  
  168  10:19  Marauder, Marine  
  133  10:23  Marauder  
  133  10:24  Marine  
  133  10:28  Marine x2  
  128  10:29  Marine  
  128  10:34  Marine  
  116  10:36  Marine  
  116  10:37  Marine  
  116  10:41  Marauder, Marine  
  115  10:45  Marauder, Marine  
  115  10:46  Marauder  
  115  10:47  Marine  
  121  10:52  Marauder  
  121  10:54  Marine  
  121  10:55  Marine  
  121  10:56  SCV x3  
  128  10:59  Marine  
  128  11:02  Marauder  
  128  11:03  Marine  
  132  11:05  Marauder  
  132  11:06  Marauder  
  132  11:07  Marauder  
  132  11:10  Starport  
  138  11:11  Fusion Core  
  138  11:12  Marine  
  138  11:13  Marauder, Marine  
  138  11:14  Planetary Fortress  
  138  11:17  Marine  
  143  11:21  Marine  
  128  11:28  Marine  
  128  11:29  Marauder  
  128  11:30  Marine x2  
  128  11:31  Marauder  
  109  11:33  Medivac x2  
  109  11:35  Marine x2  
  109  11:36  Marauder  
  109  11:39  Marine  
  118  11:40  Missile Turret  
  118  11:43  SCV x3  
  118  11:46  Marauder  
  123  11:48  Marine  
  123  11:49  Starport Reactor  
  123  11:53  Marauder, Marine  
  123  11:54  Marine  
  131  11:55  SCV  
  131  12:05  Command Center  
Tags
 
Add a new tag
Caveats
  • Supply blocks, unpowered buildings, or Contaminate may cause inaccurate times.
  • Supply counts are checked every 10 seconds.